 Dungeon Crawl Stone Soup version 0.24.0-123-gd5b16e6ec5 (webtiles) character file.

Game seed: 16066354720830841144, levelgen mode: deterministic

934 Elellon the Basher (level 7, 0/87 HPs)
             Began as a Minotaur Berserker on Jan 4, 2020.
             Was a Priest of Trog.
             Slain by Menkaure (13 damage)
             ... on level 5 of the Dungeon.
             The game lasted 00:09:32 (5087 turns).

Elellon the Basher (Minotaur Berserker)             Turns: 5087, Time: 00:09:32

Health: 0/87       AC:  8    Str: 28    XL:     7   Next: 86%
Magic:  6/6        EV: 11    Int:  4    God:    Trog [***...]
Gold:   252        SH:  0    Dex: 10    Spells: 6/6 levels left

rFire    . . .     SeeInvis .   a - +0 mace
rCold    . . .     Gourm    .   (no shield)
rNeg     . . .     Faith    .   b - +0 ring mail
rPois    .         Spirit   .   (helmet restricted)
rElec    .         Reflect  .   f - +1 cloak
rCorr    .         Harm     .   p - +0 pair of gloves
MR       ++...                  (no boots)
Stlth    ..........             (no amulet)
HPRegen  1.24/turn              (no ring)
MPRegen  0.10/turn              (no ring)

@: berserking (expiring), regenerating, very quick
A: retaliatory headbutt, horns 2
a: Berserk, Trog's Hand, Renounce Religion


You were on level 5 of the Dungeon.
You worshipped Trog.
Trog was most pleased with you.
You were very hungry.

You visited 1 branch of the dungeon, and saw 5 of its levels.

You collected 252 gold pieces.

Inventory:

Hand Weapons
 a - a +0 mace (weapon)
Armour
 b - a +0 ring mail (worn)
 f - a +1 cloak (worn)
 p - a +0 pair of gloves (worn)
Scrolls
 d - 3 scrolls of identify
 g - a scroll of blinking {unknown}
 k - 4 scrolls of amnesia {unknown}
 l - 3 scrolls of teleportation {unknown}
 m - a scroll of immolation {unknown}
 n - a scroll of magic mapping {unknown}
 q - 5 scrolls of remove curse {unknown}
 r - 4 scrolls of fear {unknown}
 u - a scroll of enchant weapon {unknown}
 y - a scroll of random uselessness {unknown}
 A - a scroll of enchant armour {unknown}
Potions
 e - 2 potions of brilliance {unknown}
 h - a potion of ambrosia {unknown}
 i - 3 potions of curing {unknown}
 j - 2 potions of mutation {unknown}
 s - 2 potions of degeneration {unknown}
 v - a potion of lignification {unknown}
 w - 2 potions of berserk rage {unknown}
 x - a potion of haste {unknown}
Comestibles
 c - 9 rations
 o - 2 chunks of flesh


   Skills:
 - Level 3.9 Fighting
 * Level 11.1 Maces & Flails
 - Level 2.5 Armour
 - Level 2.1 Dodging


You had 6 spell levels left.
You didn't know any spells.
Your spell library was empty.

Dungeon Overview and Level Annotations

Branches:
Dungeon (5/15)
 Temple: D:4-7

Altars:
Ashenzari
Fedhas

Annotations:
D:5 Menkaure


Innate Abilities, Weirdness & Mutations

You reflexively headbutt those who attack you in melee.
You have a pair of horns on your head.


Message History

Menkaure calls on the powers of darkness!
Your body is wracked with pain!
A red film seems to cover your vision as you go berserk!
You feel yourself moving faster!
You feel mighty!
You are feeling very hungry.
Menkaure hits you!
You barely miss Menkaure.
Menkaure is moderately damaged.
Menkaure hits you!
* * * LOW HITPOINT WARNING * * *
You barely miss Menkaure.
Menkaure is moderately damaged.
You hit Menkaure. You headbutt Menkaure!
Menkaure is severely damaged.
Menkaure hits you!
* * * LOW HITPOINT WARNING * * *
You closely miss Menkaure.
Menkaure is severely damaged.
Menkaure hits you!
You die...

#.# #...####.# ##...# #)# #####
##.######....# #)# #............#
#)# #.#######....# #.### ### #.#
##...# #.#.. ..# #.# #...# #.#.#
#.# #.########...# #.#.# #M#
#............# #.#.#
##@###...........##
#.#.#######...##..#######..#
#...........#..............##
..#####.###........#...######....
............#..###.....# #.###
..#####.###..... ..#...# #.#
......รท.# ##.##...###.## #.#
#######.####.###.# #.# #.#
#..........# #.# ##.#


You could see Menkaure.

Vanquished Creatures
  A sky beast (D:5)
  2 ogres (D:4)
  A scorpion (D:4)
  3 crimson imps (D:5)
  An orc priest (D:4)
  A hound (D:5)
  A centaur skeleton (D:4)
  2 iguanas
  An orc wizard (D:3)
  4 worker ants (D:5)
  6 gnolls
  10 adders
  An ooze (D:1)
  An adder skeleton (D:4)
  4 worms
  2 dart slugs
  2 leopard geckos (D:1)
  11 orcs
  A ball python (D:4)
  7 bats
  10 giant cockroaches
  5 goblins
  6 hobgoblins
  A jackal (D:1)
  3 quokkas
  5 frilled lizards
  6 kobolds
  A leopard gecko skeleton (D:4)
  A quokka skeleton (D:5)
  A quokka zombie (D:5)
  4 rats
105 creatures vanquished.

Notes
Turn   | Place    | Note
-------+----------+-------------------------------------------
     0 | D:1      | Elellon the Minotaur Berserker began the quest for the Orb.
     0 | D:1      | Reached XP level 1. HP: 19/19 MP: 0/0
    57 | D:1      | Reached skill level 4 in Maces & Flails
   123 | D:1      | Reached XP level 2. HP: 26/27 MP: 1/1
   883 | D:2      | Reached skill level 5 in Maces & Flails
   883 | D:2      | Reached XP level 3. HP: 23/33 MP: 2/2
  1514 | D:2      | Found a shattered altar of Ashenzari.
  1541 | D:2      | Reached XP level 4. HP: 29/40 MP: 3/3
  1849 | D:3      | Reached ** piety under Trog
  1964 | D:3      | Found a blossoming altar of Fedhas.
  1976 | D:3      | Reached skill level 6 in Maces & Flails
  2070 | D:3      | Reached XP level 5. HP: 38/46 MP: 4/4
  2392 | D:3      | Reached skill level 7 in Maces & Flails
  3041 | D:4      | Noticed an ogre
  3047 | D:4      | Killed an ogre
  3047 | D:4      | Reached skill level 8 in Maces & Flails
  3047 | D:4      | Reached XP level 6. HP: 31/52 MP: 5/5
  3374 | D:4      | Reached skill level 9 in Maces & Flails
  3717 | D:4      | Reached XP level 7. HP: 25/58 MP: 6/6
  4031 | D:5      | Entered Level 5 of the Dungeon
  4069 | D:5      | Reached skill level 10 in Maces & Flails
  4128 | D:5      | Reached *** piety under Trog
  4679 | D:5      | Reached skill level 11 in Maces & Flails
  5079 | D:5      | Noticed Menkaure
  5087 | D:5      | Slain by Menkaure

Levels and vault maps discovered:
D:1:      roderic_crop_circles_arrival_small, layout_basic,
          corexii_item_surrounded_by_moat, minmay_vboxes
D:2:      layout_basic, ashenzari_conservatory_becter
D:3:      layout_loops_cross, first_ration, fedhas_altar_3
D:4:      layout_basic
D:5:      layout_loops_ring, nrook_loot_triangle,
          corexii_mini_fake_secret_closet, uniq_menkaure

Skill      XL: |  1  2  3  4  5  6  7 |
---------------+----------------------+-----
Maces & Flails | 4 5 6 8 9 11 | 11.1
Fighting       | |  3.9
Armour         | |  2.5
Dodging        | |  2.1

Action                   |  1- 3 |  4- 6 |  7- 9 || total
-------------------------+-------+-------+-------++-------
Melee: Mace              |    62 |   133 |   111 ||   306
       Headbutt          |     8 |    27 |    13 ||    48
Invok: Berserk           |       |       |     1 ||     1
       Trog's Hand       |       |       |     1 ||     1
  Use: Scroll            |       |       |     2 ||     2
  Eat: Chunk             |     2 |     5 |     3 ||    10
       Ration            |       |     1 |       ||     1
Armor: Animal skin       |    10 |       |       ||    10
       Ring mail         |       |    49 |    35 ||    84
Dodge: Dodged            |    44 |    66 |    46 ||   156
